 Dungeon Crawl Stone Soup version 0.25.1-2-g60ff931df9 (webtiles) character file.

Game seed: 17088133968664139222

183 RaHiT the Skirmisher (level 5, -3/42 HPs)
             Began as a Demonspawn Chaos Knight on Sept 9, 2020.
             Was a Plaything of Xom.
             Slain by an orc wizard
             ... wielding a +0 quarterstaff
              (6 damage)
             ... on level 4 of the Dungeon.
             The game lasted 00:11:13 (2378 turns).

RaHiT the Skirmisher (Demonspawn Chaos Knight)      Turns: 2378, Time: 00:11:14

Health: -3/42      AC:  6    Str: 15    XL:     5   Next: 35%
Magic:  0/6        EV: 12    Int: 14    God:    Xom [....*.]
Gold:   173        SH:  0    Dex: 14    Spells: 6/6 levels left

rFire    . . .     SeeInvis +     - Unarmed
rCold    . . .     Gourm    .   (no shield)
rNeg     . . .     Faith    .   a - +2 leather armour
rPois    +         Spirit   +   (no helmet)
rElec    .         Reflect  .   (no cloak)
rCorr    .         Harm     .   (no gloves)
MR       .....                  u - +0 pair of boots
Stlth    +.........             (no amulet)
HPRegen  0.14/turn              e - ring of see invisible
MPRegen  0.10/turn              f - ring of poison resistance

@: no status effects
A: hooves 2, agile 1, blink, strong 1, magic shield, rot immunity
a: Blink, Renounce Religion


You were on level 4 of the Dungeon.
You worshipped Xom.
You were a beloved toy of Xom.
You were not hungry.

You visited 1 branch of the dungeon, and saw 4 of its levels.

You collected 173 gold pieces.

Inventory:

Hand Weapons
 p - a cursed -3 spear
Missiles
 c - 113 stones (quivered)
 n - 20 bolts
 o - a throwing net
Armour
 a - a +2 leather armour (worn)
 u - a +0 pair of boots (worn)
Jewellery
 e - a ring of see invisible (left hand)
 f - a ring of poison resistance (right hand)
 g - an uncursed ring of magical power {unknown}
 q - a +6 ring of dexterity
 t - the ring of Farenoah {rN+ Int+3 Dex+5, unknown}
   (You found it on level 4 of the Dungeon)

   [ring of positive energy]

   It affects your intelligence (+3).
   It affects your dexterity (+5).
   It protects you from negative energy.
Scrolls
 d - 4 scrolls of remove curse
 i - a scroll of amnesia
 m - a scroll of blinking
 s - 2 scrolls of enchant armour {unknown}
Potions
 h - a potion of heal wounds
 j - a potion of lignification
 k - a potion of ambrosia
 r - a potion of flight {unknown}
Comestibles
 b - 6 rations
 l - 5 chunks of flesh


   Skills:
 * Level 4.0 Fighting
 + Level 1.3 Throwing
 + Level 2.4 Armour
 + Level 1.8 Dodging
 * Level 3.6 Unarmed Combat
 - Level 1.0 Spellcasting


You had 6 spell levels left.
You didn't know any spells.
Your spell library was empty.

Dungeon Overview and Level Annotations

Branches:
Dungeon (4/15)
 Temple: D:4-7

Altars:
Ashenzari
Gozag
Makhleb
Trog
Xom


Innate Abilities, Weirdness & Mutations

You have hoof-like feet.
When hurt, damage is shared between your health and your magic reserves.
You are immune to rotting.
You are agile. (Dex +2)
You can translocate small distances at will.
Your muscles are strong. (Str +2)


Message History

The orc wizard casts a spell at you. The puff of flame hits you!
You barely miss the orc wizard.
The orc wizard is heavily wounded.
The orc wizard misses you.
You closely miss the orc wizard.
The orc wizard is heavily wounded.
You hit the orc wizard but do no damage.
The orc wizard is heavily wounded.
The orc wizard hits you with a +0 quarterstaff.
* * * LOW HITPOINT WARNING * * *
You closely miss the orc wizard.
The orc wizard is heavily wounded.
The orc wizard casts a spell at you. The puff of frost hits you!
* * * LOW HITPOINT WARNING * * *
You hit the orc wizard.
The orc wizard is heavily wounded.
The orc wizard hits you with a +0 quarterstaff.
You die...

#########.##########
#...<.....#[.§§@o§.#
#.######..#.######.#
#.# #.# .# #.# #.#
.. #.# #.# ..# #.#
#.# ..#
##.#########.# ..#
#............# ...
##############


You could see an orc wizard.

Vanquished Creatures
  A hound (D:3)
  7 adders
  An ooze (D:3)
  2 dart slugs
  3 leopard geckos
  3 orcs
  A ball python (D:2)
  A giant cockroach (D:2)
  7 goblins
  4 hobgoblins (D:2)
  2 quokkas
  8 bats
  3 frilled lizards
  5 kobolds
  5 rats
53 creatures vanquished.

Vanquished Creatures (collateral kills)
  An orc wizard (D:3)
  2 adders (D:3)
  An ooze (D:3)
  3 orcs (D:3)
  A goblin (D:3)
  A hobgoblin (D:3)
  A kobold (D:3)
10 creatures vanquished.

Grand Total: 63 creatures vanquished

Notes
Turn   | Place    | Note
-------+----------+-------------------------------------------
     0 | D:1      | RaHiT the Demonspawn Chaos Knight began the quest for the
                  | Orb.
     0 | D:1      | Reached XP level 1. HP: 18/18 MP: 1/1
   237 | D:1      | Reached skill level 1 in Dodging
   506 | D:1      | XOM: cloud trail
   711 | D:2      | Found a faded altar of an unknown god.
   715 | D:1      | XOM: potion effect (stabbing)
   719 | D:1      | XOM: potion effect (haste)
   727 | D:1      | Gained mutation: You are immune to rotting. [demonic
                  | ancestry]
   727 | D:1      | Reached XP level 2. HP: 20/24 MP: 2/2
   790 | D:2      | Gained mutation: When hurt, damage is shared between your
                  | health and your magic reserves. [demonic ancestry]
   790 | D:2      | Reached XP level 3. HP: 26/29 MP: 3/3
  1016 | D:2      | XOM: give mutations
  1016 | D:2      | Gained mutation: Your muscles are strong. (Str +2) [Xom's
                  | grace]
  1016 | D:2      | Gained mutation: You can translocate small distances at
                  | will. [Xom's grace]
  1041 | D:2      | Found an opulent altar of Gozag.
  1104 | D:2      | XOM: scenery: create altars
  1386 | D:2      | Found a shattered altar of Ashenzari.
  1459 | D:2      | XOM: scenery: create altars
  1485 | D:2      | XOM: give mutation
  1485 | D:2      | Gained mutation: You are agile. (Dex +2) [Xom's grace]
  1595 | D:3      | XOM: 3-stop teleportation journey
  1618 | D:3      | Found a bloodstained altar of Trog.
  1646 | D:3      | XOM: summons friendly chaos spawn
  1654 | D:3      | Gained mutation: You have large cloven feet. [demonic
                  | ancestry]
  1654 | D:3      | Reached XP level 4. HP: 25/36 MP: 5/5
  1708 | D:3      | Reached skill level 1 in Throwing
  1710 | D:3      | Reached skill level 1 in Spellcasting
  1926 | D:3      | XOM: god gift: battleaxe {god gift}
  1975 | D:3      | Gained mutation: You have hoof-like feet. [demonic
                  | ancestry]
  1975 | D:3      | Reached XP level 5. HP: 31/42 MP: 4/6
  2177 | D:3      | Found a burning altar of Makhleb.
  2186 | D:3      | Reached skill level 4 in Fighting
  2224 | D:3      | XOM: god gift: ration
  2345 | D:4      | Got a pitted lapis lazuli ring
  2365 | D:4      | XOM is BORED!
  2370 | D:4      | XOM: smoke on damage
  2378 | D:4      | Slain by an orc wizard

Illustrated notes

Levels and vault maps discovered:
D:1:      dpeg_arrival_circle_labyrinth_b, layout_basic
D:2:      layout_rooms, evilmike_ruin_ashenzari, nicolae_gozag_seed_capital,
          chequers_ecumenical_altar_simple_redux, minmay_octomino_j4
D:3:      layout_rooms, makhleb_blood_cavern_becter, lemuel_doored_altar
D:4:      layout_basic, minmay_temple_entry_stoned_glass, uniq_eustachio,
          uniq_duvessa, uniq_blork_the_orc

Skill      XL: |  1  2  3  4  5 |
---------------+----------------+-----
Dodging        | 1 |  1.8
Unarmed Combat | 3 |  3.6
Armour         | 2 |  2.4
Throwing       | 1 |  1.3
Spellcasting   | 1 |  1.0
Fighting       | 4 |  4.0

Action                   |  1- 3 |  4- 6 || total
-------------------------+-------+-------++-------
Melee: Unarmed           |   137 |    77 ||   214
       Punch             |     2 |     1 ||     3
       Kick              |       |    13 ||    13
Throw: Stone             |       |     2 ||     2
  Use: Scroll            |     5 |     2 ||     7
  Eat: Chunk             |     2 |     3 ||     5
Armor: Leather armour    |    48 |    19 ||    67
Dodge: Dodged            |    74 |    44 ||   118
